| TOP OF THE 1ST |
|
Arizona State University Sun Devils batting - Pitching for University of Virginia Cavaliers : RHP Devon Washington
|
|
Pitching: RHP Devon Washington
|
|
|
Batting: RHB Akichika Yamano
|
0-0: Ball 1-0: Called Strike 1-1: Foul Ball, location: 2F 1-2: Ball 2-2: Fly out, F9 (Line Drive, 9, EV 107.5 MPH)
|
|
Batting: RHB Wil Ochoa
|
0-0: Ball 1-0: Swinging Strike 1-1: Swinging Strike 1-2: Ball 2-2: Strikes out swinging
|
|
Batting: LHB Travis Hahn
|
0-0: SINGLE (Groundball, 34D, EV 98.1 MPH)
|
|
Batting: LHB Pedro Garza
|
0-0: Called Strike 0-1: Ball 1-1: Foul Ball, location: 2F 1-2: Strikes out looking
|
| Top of the 1st over - 0 runs, 1 hit, 0 errors, 1 left on base; Arizona State University 0 - University of Virginia 0 |
| BOTTOM OF THE 1ST |
|
University of Virginia Cavaliers batting - Pitching for Arizona State University Sun Devils : RHP Allen Wright Jr.
|
|
Pitching: RHP Allen Wright Jr.
|
|
|
Batting: RHB Rohit Gadhavi
|
0-0: Ball 1-0: SINGLE (Flyball, 9LS, EV 91.9 MPH)
|
|
Batting: LHB Sean Banks
|
0-0: Ball 1-0: Foul Ball, location: 2F 1-1: Fly out, F8 (Flyball, 8LXD, EV 110.0 MPH) Runner from 1st tags up, SAFE at 2nd
|
|
Batting: RHB Arnaud Derosiers
|
0-0: Ball Rohit Gadhavi steals 3rd, throwing error, E2 Rohit Gadhavi scores 1-0: Ball 2-0: Foul Ball, location: 2F 2-1: Called Strike 2-2: Foul Ball, location: 2F 2-2: Foul Ball, location: 2F 2-2: Ball 3-2: Ground out 1-3 (Groundball, 15S, EV 66.3 MPH)
|
|
Batting: LHB William Gonzales
|
0-0: Ball 1-0: Foul Ball, location: 2F 1-1: Ground out 5-3 (Groundball, 56, EV 101.9 MPH)
|
| Bottom of the 1st over - 1 run, 1 hit, 1 error, 0 left on base; Arizona State University 0 - University of Virginia 1 |
| TOP OF THE 2ND |
|
Arizona State University Sun Devils batting - Pitching for University of Virginia Cavaliers : RHP Devon Washington
|
|
Batting: RHB Mike Hughes
|
0-0: Called Strike 0-1: Ball 1-1: SINGLE (Groundball, 5L, EV 85.0 MPH) (infield hit)
|
|
Batting: LHB Kazuyoshi Ikeda
|
0-0: Fly out, F7 (Line Drive, 7D, EV 100.0 MPH)
|
|
Batting: RHB Jaylen North
|
0-0: Ball 1-0: Called Strike 1-1: Swinging Strike 1-2: Ball 2-2: Foul Ball, location: 2F 2-2: Strikes out swinging
|
|
Batting: SHB Yuya Hirata
|
0-0: Fly out, F9 (Flyball, 89M, EV 84.4 MPH)
|
| Top of the 2nd over - 0 runs, 1 hit, 0 errors, 1 left on base; Arizona State University 0 - University of Virginia 1 |
| BOTTOM OF THE 2ND |
|
University of Virginia Cavaliers batting - Pitching for Arizona State University Sun Devils : RHP Allen Wright Jr.
|
|
Batting: RHB Adam Dudek
|
0-0: Ball 1-0: Ground out 2-3 (Groundball, 13S, EV 65.0 MPH)
|
|
Batting: RHB Kevin Steed
|
0-0: Foul Ball, location: 2F 0-1: Foul Ball, location: 2F 0-2: Ground out 4-3 (Groundball, 4M, EV 84.4 MPH)
|
|
Batting: LHB Jesse Westmoreland
|
0-0: Ground out 6-3 (Groundball, 6, EV 84.4 MPH)
|
| Bottom of the 2nd over - 0 runs, 0 hits, 0 errors, 0 left on base; Arizona State University 0 - University of Virginia 1 |
| TOP OF THE 3RD |
|
Arizona State University Sun Devils batting - Pitching for University of Virginia Cavaliers : RHP Devon Washington
|
|
Batting: RHB Eric Peterson
|
0-0: Foul Ball, location: 2F 0-1: Called Strike 0-2: DOUBLE (Line Drive, 89D, EV 113.8 MPH) - OUT at third base trying to stretch hit.
|
|
Batting: RHB Akichika Yamano
|
0-0: Ball 1-0: Ball 2-0: Ball 3-0: Called Strike 3-1: Foul Ball, location: 2F 3-2: Base on Balls
|
|
Batting: RHB Wil Ochoa
|
0-0: Swinging Strike 0-1: Called Strike 0-2: Ball Akichika Yamano steals 2nd base 1-2: Fly out, F8 (Flyball, 78M, EV 96.3 MPH)
|
|
Batting: LHB Travis Hahn
|
0-0: SINGLE (Groundball, 56D, EV 100.0 MPH) Akichika Yamano to third Runner from 3rd tries for Home, throw by LF and OUT! 7-2
|
| Top of the 3rd over - 0 runs, 2 hits, 0 errors, 1 left on base; Arizona State University 0 - University of Virginia 1 |
| BOTTOM OF THE 3RD |
|
University of Virginia Cavaliers batting - Pitching for Arizona State University Sun Devils : RHP Allen Wright Jr.
|
|
Batting: RHB Gabe Secundino
|
0-0: SINGLE (Groundball, 6MD, EV 95.0 MPH)
|
|
Batting: RHB Matt Peddle
|
0-0: Fly out, F8 (Flyball, 8RM, EV 82.5 MPH)
|
|
Batting: RHB Rohit Gadhavi
|
0-0: SINGLE (Groundball, 56S, EV 69.4 MPH) (infield hit) Gabe Secundino to second
|
|
Batting: LHB Sean Banks
|
0-0: Ball 1-0: Called Strike 1-1: Ball 2-1: Reached on error, E3 (Groundball, 3, EV 103.1 MPH) Gabe Secundino to third Rohit Gadhavi to second
|
|
Batting: RHB Arnaud Derosiers
|
0-0: Called Strike 0-1: SINGLE (Line Drive, 3D, EV 98.1 MPH) Gabe Secundino scores Rohit Gadhavi to third Sean Banks to second
|
|
Batting: LHB William Gonzales
|
0-0: Foul Ball, location: 2F 0-1: Fly out, F7 (Flyball, 78M, EV 85.0 MPH) Runner from 3rd tags up, OUT at HOME! 7-2
|
| Bottom of the 3rd over - 1 run, 3 hits, 1 error, 2 left on base; Arizona State University 0 - University of Virginia 2 |
| TOP OF THE 4TH |
|
Arizona State University Sun Devils batting - Pitching for University of Virginia Cavaliers : RHP Devon Washington
|
|
Batting: LHB Pedro Garza
|
0-0: Ball 1-0: Ball 2-0: Called Strike 2-1: Called Strike 2-2: Ball 3-2: Base on Balls
|
|
Batting: RHB Mike Hughes
|
0-0: Ball 1-0: Foul Ball, location: 2F 1-1: Fielders Choice at 2nd, 3-6 (Groundball, 34S, EV 80.0 MPH)
|
|
Batting: LHB Kazuyoshi Ikeda
|
0-0: Ball 1-0: 2-RUN HOME RUN (Line Drive, 8LXD, EV 116.9 MPH), Distance : 490 ft
|
|
Batting: RHB Jaylen North
|
0-0: Called Strike 0-1: Ball 1-1: Ball 2-1: Foul Ball, location: 2F 2-2: Strikes out swinging
|
|
Batting: SHB Yuya Hirata
|
0-0: Ball 1-0: Called Strike 1-1: Swinging Strike 1-2: Fly out, F7 (Flyball, 78XD, EV 83.1 MPH)
|
| Top of the 4th over - 2 runs, 1 hit, 0 errors, 0 left on base; Arizona State University 2 - University of Virginia 2 |
| BOTTOM OF THE 4TH |
|
University of Virginia Cavaliers batting - Pitching for Arizona State University Sun Devils : RHP Allen Wright Jr.
|
|
Batting: RHB Adam Dudek
|
0-0: Ball 1-0: Fly out, F9 (Flyball, 9LS, EV 86.3 MPH)
|
|
Batting: RHB Kevin Steed
|
0-0: Ball 1-0: Ball 2-0: Called Strike 2-1: Ball 3-1: Base on Balls
|
|
Batting: LHB Jesse Westmoreland
|
0-0: Ball 1-0: Fielders Choice at 2nd, 6-4 (Groundball, 6, EV 110.0 MPH)
|
|
Batting: RHB Gabe Secundino
|
0-0: SINGLE (Groundball, 6D, EV 98.8 MPH) Jesse Westmoreland to second
|
|
Batting: RHB Matt Peddle
|
0-0: Called Strike 0-1: SINGLE (Groundball, 4, EV 98.1 MPH) Jesse Westmoreland to third Gabe Secundino to second Runner from 3rd tries for Home, SAFE, throw by RF to home
|
|
Batting: RHB Rohit Gadhavi
|
0-0: Called Strike 0-1: DOUBLE (Line Drive, 5D, EV 98.8 MPH) Gabe Secundino scores Matt Peddle to third Runner from 3rd tries for Home, SAFE, throw by LF to home
|
|
Batting: LHB Sean Banks
|
0-0: Ball 1-0: Ball 2-0: Ball 3-0: Called Strike 3-1: Called Strike 3-2: Foul Ball, location: 2F 3-2: Fly out, F9 (Line Drive, 9D, EV 106.3 MPH)
|
| Bottom of the 4th over - 3 runs, 3 hits, 0 errors, 1 left on base; Arizona State University 2 - University of Virginia 5 |
| TOP OF THE 5TH |
|
Arizona State University Sun Devils batting - Pitching for University of Virginia Cavaliers : RHP Devon Washington
|
|
Batting: RHB Eric Peterson
|
0-0: Ball 1-0: Foul Ball, location: 2F 1-1: Ball 2-1: Ball 3-1: Called Strike 3-2: Foul Ball, location: 2F 3-2: Base on Balls
|
|
Batting: RHB Akichika Yamano
|
0-0: Ball 1-0: Swinging Strike 1-1: DOUBLE (Flyball, 8RXD, EV 101.9 MPH) Eric Peterson to third
|
|
Batting: RHB Wil Ochoa
|
0-0: Called Strike 0-1: Foul Ball, location: 2F 0-2: Ball 1-2: Ball 2-2: Strikes out swinging
|
|
Pitching: RHP Emanuel Andrade
|
|
|
Batting: LHB Travis Hahn
|
0-0: Called Strike 0-1: Called Strike 0-2: Ball 1-2: Strikes out looking
|
|
Batting: LHB Pedro Garza
|
0-0: Called Strike 0-1: Swinging Strike 0-2: Ball 1-2: Strikes out swinging
|
| Top of the 5th over - 0 runs, 1 hit, 0 errors, 2 left on base; Arizona State University 2 - University of Virginia 5 |
| BOTTOM OF THE 5TH |
|
University of Virginia Cavaliers batting - Pitching for Arizona State University Sun Devils : RHP Allen Wright Jr.
|
|
Batting: RHB Arnaud Derosiers
|
0-0: Ball 1-0: Called Strike 1-1: Foul Ball, location: 2F 1-2: Foul Ball, location: 2F 1-2: Ground out 4-3 (Groundball, 4, EV 86.3 MPH)
|
|
Batting: LHB William Gonzales
|
0-0: Ball 1-0: Swinging Strike 1-1: Foul Ball, location: 2F 1-2: Foul Ball, location: 2F 1-2: Ball 2-2: DOUBLE (Flyball, 78D, EV 111.3 MPH)
|
|
Pitching: RHP Yasutaka Yamasaki
|
|
|
Pinch Runner at 2nd Matt Sobolewski:
|
|
|
Batting: RHB Adam Dudek
|
0-0: Foul Ball, location: 2F 0-1: 2-RUN HOME RUN (Flyball, 7LD, EV 90.6 MPH), Distance : 342 ft
|
|
Batting: RHB Kevin Steed
|
0-0: Ball 1-0: Hit by Pitch
|
|
Batting: LHB Jesse Westmoreland
|
0-0: Fly out, F6 (Popup, 6M, EV 65.0 MPH)
|
|
Batting: RHB Gabe Secundino
|
0-0: Ball 1-0: Called Strike 1-1: Called Strike 1-2: Foul Ball, location: 2F 1-2: Ball 2-2: Reached on error, E5 (Groundball, 56S, EV 88.8 MPH) Kevin Steed to second
|
|
Batting: RHB Matt Peddle
|
0-0: Called Strike 0-1: Ball 1-1: Foul Ball, location: 2F 1-2: Fly out, F4 (Line Drive, 4, EV 68.8 MPH)
|
| Bottom of the 5th over - 2 runs, 2 hits, 1 error, 2 left on base; Arizona State University 2 - University of Virginia 7 |
| TOP OF THE 6TH |
|
Arizona State University Sun Devils batting - Pitching for University of Virginia Cavaliers : RHP Emanuel Andrade
|
|
Batting: RHB Mike Hughes
|
0-0: Called Strike 0-1: Ball 1-1: Ball 2-1: Ball 3-1: Called Strike 3-2: Base on Balls
|
|
Batting: LHB Kazuyoshi Ikeda
|
0-0: Swinging Strike 0-1: Swinging Strike 0-2: Ball 1-2: 2-RUN HOME RUN (Line Drive, 78XD, EV 108.1 MPH), Distance : 428 ft
|
|
Batting: RHB Jaylen North
|
0-0: Ball 1-0: Ball 2-0: Ball 3-0: Base on Balls
|
|
Batting: SHB Yuya Hirata
|
0-0: Ball 1-0: Fly out, F7 (Flyball, 7LS, EV 96.3 MPH)
|
|
Pitching: LHP Mike Arias
|
|
|
Batting: RHB Eric Peterson
|
0-0: Called Strike 0-1: Ball 1-1: Fly out, F1 (Line Drive, P, EV 68.1 MPH)
|
|
Batting: RHB Akichika Yamano
|
0-0: Foul Ball, location: 2F 0-1: Foul Ball, location: 2F 0-2: Ball 1-2: Ball 2-2: Ball 3-2: Foul Ball, location: 2F 3-2: Base on Balls Jaylen North to second
|
|
Batting: RHB Wil Ochoa
|
0-0: Ball 1-0: Called Strike 1-1: SINGLE (Groundball, 6S, EV 65.6 MPH) (infield hit) Jaylen North to third Akichika Yamano to second
|
|
Batting: LHB Travis Hahn
|
0-0: Called Strike 0-1: Ball 1-1: Ball 2-1: Foul Ball, location: 2F 2-2: Foul Ball, location: 2F 2-2: SINGLE (Groundball, 5D, EV 99.4 MPH) Jaylen North scores Akichika Yamano to third Wil Ochoa to second Runner from 3rd tries for Home, SAFE, throw by LF to home
|
|
Batting: RHB Fernando Lara
|
0-0: Ball 1-0: Ground out 4-3 (Groundball, 4, EV 103.1 MPH)
|
| Top of the 6th over - 4 runs, 3 hits, 0 errors, 2 left on base; Arizona State University 6 - University of Virginia 7 |
| BOTTOM OF THE 6TH |
|
University of Virginia Cavaliers batting - Pitching for Arizona State University Sun Devils : RHP Yasutaka Yamasaki
|
|
Batting: RHB Rohit Gadhavi
|
0-0: Swinging Strike 0-1: Reached via error on a dropped throw from 3B, E3 (Groundball, 56, EV 85.0 MPH)
|
|
Batting: LHB Sean Banks
|
0-0: Called Strike Rohit Gadhavi steals 2nd base 0-1: Ball 1-1: Ball 2-1: Ball 3-1: Base on Balls
|
|
Batting: RHB Arnaud Derosiers
|
0-0: Fielders Choice at 2nd, 6-4 (Groundball, 6MS, EV 89.4 MPH) Rohit Gadhavi to third
|
|
Batting: RHB Matt Sobolewski
|
0-0: Ball 1-0: Ball 2-0: SINGLE (Groundball, 34, EV 103.1 MPH) Rohit Gadhavi scores Arnaud Derosiers to second Runner from 2nd tries for 3rd, SAFE, throw by RF made to third Matt Sobolewski to second
|
|
Batting: RHB Adam Dudek
|
0-0: Ball 1-0: Foul Ball, location: 2F 1-1: Ball 2-1: Swinging Strike 2-2: Foul Ball, location: 2F 2-2: Foul Ball, location: 2F 2-2: Ball 3-2: DOUBLE (Line Drive, 89XD, EV 105.0 MPH) Arnaud Derosiers scores Matt Sobolewski scores
|
|
Pitching: LHP Justin Thornton
|
|
|
Batting: RHB Kevin Steed
|
0-0: Called Strike 0-1: Ball 1-1: Called Strike 1-2: Strikes out swinging
|
|
Batting: LHB Jesse Westmoreland
|
0-0: Called Strike 0-1: Fly out, F8 (Flyball, 89D, EV 88.8 MPH)
|
| Bottom of the 6th over - 3 runs, 2 hits, 1 error, 1 left on base; Arizona State University 6 - University of Virginia 10 |
| TOP OF THE 7TH |
|
Arizona State University Sun Devils batting - Pitching for University of Virginia Cavaliers : LHP Mike Arias
|
|
Pitching: LHP David Zuniga
|
|
|
Batting: RHB Mike Hughes
|
0-0: DOUBLE (Line Drive, 5D, EV 106.3 MPH)
|
|
Batting: LHB Kazuyoshi Ikeda
|
0-0: Ball Passed Ball! Mike Hughes to third 1-0: Ball 2-0: Called Strike 2-1: Called Strike 2-2: Foul Ball, location: 2F 2-2: Ball 3-2: Strikes out swinging
|
|
Batting: RHB Jaylen North
|
0-0: Called Strike 0-1: Called Strike 0-2: Ball 1-2: Strikes out swinging
|
|
Batting: SHB Yuya Hirata
|
0-0: Ball 1-0: Called Strike 1-1: Swinging Strike 1-2: Strikes out swinging
|
| Top of the 7th over - 0 runs, 1 hit, 0 errors, 1 left on base; Arizona State University 6 - University of Virginia 10 |
| BOTTOM OF THE 7TH |
|
University of Virginia Cavaliers batting - Pitching for Arizona State University Sun Devils : LHP Justin Thornton
|
|
Batting: RHB Gabe Secundino
|
0-0: Foul Ball, location: 2F 0-1: Foul Ball, location: 2F 0-2: Foul Ball, location: 2F 0-2: Foul Ball, location: 2F 0-2: Ball 1-2: SINGLE (Groundball, 6MS, EV 86.9 MPH) (infield hit)
|
|
Batting: RHB Matt Peddle
|
0-0: Ground out 5-3 (Groundball, 56S, EV 75.0 MPH) Gabe Secundino to second
|
|
Batting: RHB Rohit Gadhavi
|
0-0: Ball 1-0: Fly out, F9 (Flyball, 9S, EV 85.6 MPH)
|
|
Batting: LHB Sean Banks
|
0-0: Ball 1-0: Ball 2-0: Foul Ball, location: 2F 2-1: Ground out 4-3 (Groundball, 4, EV 90.0 MPH)
|
| Bottom of the 7th over - 0 runs, 1 hit, 0 errors, 1 left on base; Arizona State University 6 - University of Virginia 10 |
| TOP OF THE 8TH |
|
Arizona State University Sun Devils batting - Pitching for University of Virginia Cavaliers : LHP David Zuniga
|
|
Pitching: RHP Steven Frost
|
|
|
Batting: RHB Eric Peterson
|
0-0: Called Strike 0-1: Called Strike 0-2: Ball 1-2: Ball 2-2: SINGLE (Line Drive, 6D, EV 105.0 MPH)
|
|
Batting: RHB Akichika Yamano
|
0-0: Ball 1-0: Foul Ball, location: 2F 1-1: Ball 2-1: Fielders Choice at 2nd, 4-6 (Groundball, 4, EV 85.0 MPH)
|
|
Batting: RHB Wil Ochoa
|
0-0: Ball 1-0: Grounds into double play, 6-4-3 (Groundball, 6, EV 92.5 MPH)
|
| Top of the 8th over - 0 runs, 1 hit, 0 errors, 0 left on base; Arizona State University 6 - University of Virginia 10 |
| BOTTOM OF THE 8TH |
|
University of Virginia Cavaliers batting - Pitching for Arizona State University Sun Devils : LHP Justin Thornton
|
|
Batting: RHB Arnaud Derosiers
|
0-0: Called Strike 0-1: Fly out, F7 (Flyball, 7D, EV 98.8 MPH)
|
|
Batting: RHB Matt Sobolewski
|
0-0: Called Strike 0-1: Swinging Strike 0-2: Foul Ball, location: 2F 0-2: Strikes out looking
|
|
Batting: RHB Adam Dudek
|
0-0: Swinging Strike 0-1: Ball 1-1: Swinging Strike 1-2: Strikes out looking
|
| Bottom of the 8th over - 0 runs, 0 hits, 0 errors, 0 left on base; Arizona State University 6 - University of Virginia 10 |
| TOP OF THE 9TH |
|
Arizona State University Sun Devils batting - Pitching for University of Virginia Cavaliers : RHP Steven Frost
|
|
Batting: LHB Travis Hahn
|
0-0: Ball 1-0: Foul Ball, location: 2F 1-1: Ball 2-1: Ball 3-1: Base on Balls
|
|
Batting: RHB Jeff Buchanan
|
0-0: Ball 1-0: Fielders Choice at 2nd, 6-4 (Groundball, 6M, EV 81.3 MPH)
|
|
Batting: RHB Mike Hughes
|
0-0: Fielders Choice at 2nd, 6-4 (Groundball, 6, EV 87.5 MPH)
|
|
Batting: LHB Kazuyoshi Ikeda
|
0-0: Ball 1-0: Swinging Strike 1-1: Called Strike 1-2: Ball 2-2: Foul Ball, location: 2F 2-2: Strikes out swinging
|
| Top of the 9th over - 0 runs, 0 hits, 0 errors, 1 left on base; Arizona State University 6 - University of Virginia 10 |
|